 Dungeon Crawl Stone Soup version 0.28.0 (webtiles) character file.

Game seed: 17627448110549326811

317 Ayyar the Skirmisher (level 6, -5/48 HPs)
             Began as a Demonspawn Fighter on Apr 7, 2022.
             Slain by an iguana (6 damage)
             ... on level 4 of the Dungeon.
             The game lasted 00:07:10 (3240 turns).

Ayyar the Skirmisher (Demonspawn Fighter)           Turns: 3240, Time: 00:07:11

Health: -5/48      AC: 10    Str: 18    XL:     6   Next: 20%
Magic:  6/6        EV:  9    Int:  9    God:
Gold:   114        SH:  5    Dex: 13    Spells: 5/5 levels left

rFire   . . .      SeeInvis .   a - +0 war axe
rCold   . . .      Faith    .   c - +0 buckler
rNeg    . . .      Spirit   .   b - +0 scale mail
rPois   .          Reflect  .   j - +0 helmet
rElec   .          Harm     .   k - +0 cloak
rCorr   +          Rampage  .   n - +0 pair of gloves
Will    .....                   (no boots)
Stlth   ..........              (no amulet)
HPRegen 0.16/turn               i - ring of resist corrosion
MPRegen 0.10/turn               (no ring)

@: no status effects
A: claws 1, ignite blood 1, powered by pain 2, weakness stinger 1
a: no special abilities


You were on level 4 of the Dungeon.
You visited 1 branch of the dungeon, and saw 4 of its levels.

You collected 114 gold pieces.

Inventory:

Hand Weapons
 a - a +0 war axe (weapon)
Missiles
 l - 8 poisoned darts (quivered)
Armour
 b - a +0 scale mail (worn)
 c - a +0 buckler (worn)
 j - a +0 helmet (worn)
 k - a +0 cloak (worn)
 m - a scarf of shadows
 n - a +0 pair of gloves (worn)
Jewellery
 i - a ring of resist corrosion (left hand)
Scrolls
 e - a scroll of immolation {unknown}
 f - 2 scrolls of torment
 g - 2 scrolls of identify {unknown}
 h - 2 scrolls of teleportation
Potions
 d - a potion of might


   Skills:
 + Level 4.3 Fighting
 + Level 3.3 Axes
 + Level 3.9 Armour
 + Level 3.9 Shields


You had 5 spell levels left.
You didn't know any spells.
Your spell library contained the following spells:

 Spells                   Type           Power      Damage    Failure   Level
 Ignite Poison            Fire/Tmut/Pois 0%         N/A       99%         3
 Mephitic Cloud           Conj/Pois/Air  0%         N/A       99%         3
 Freezing Cloud           Conj/Ice/Air   0%         6-21      100%        5


Dungeon Overview and Level Annotations

Branches:
Dungeon (4/15)
 Temple: D:4-7

Altars:
Fedhas
Ru

Shops:
D:1 ?   D:4 (


Innate Abilities, Weirdness & Mutations

You have sharp fingernails.
Your demonic aura sometimes causes spilled blood to erupt in flames.
You sometimes gain power by taking damage.
You have a small tail.


Message History

* * * LOW HITPOINT WARNING * * *
You closely miss the gnoll.
Your tail-slap misses the gnoll.
The gnoll hits you but does no damage. x2
You feel better. The gnoll misses you.
You slash the gnoll!
Your tail-slap misses the gnoll.
The gnoll is severely wounded.
The gnoll is engulfed in blazing flames.
You kill the gnoll!
The endoplasm barely misses you. The iguana barely misses you.
Items here: ))) †††.
You hit the iguana but do no damage. You tail-slap the iguana.
The iguana is lightly wounded.
You slash the endoplasm!
You kill the endoplasm!
The iguana completely misses you.
The centaur skeleton barely misses you. x2
You hit the iguana.
The iguana is moderately wounded.
You slash the centaur skeleton!
The centaur skeleton hits you but does no damage.
The centaur skeleton closely misses you.
The iguana bites you!
* * * LOW HITPOINT WARNING * * *
You hit the centaur skeleton.
The centaur skeleton is heavily damaged.
You hit the iguana but do no damage.
The centaur skeleton hits you but does no damage.
The centaur skeleton kicks you but does no damage.
The iguana bites you!
* * * LOW HITPOINT WARNING * * *
The centaur skeleton closely misses you.
The centaur skeleton kicks you but does no damage.
The iguana barely misses you.
You hit the centaur skeleton but do no damage.
You tail-slap the centaur skeleton.
The centaur skeleton is heavily damaged.
You hit the iguana but do no damage.
The centaur skeleton hits you but does no damage.
You block the centaur skeleton's attack.
The iguana bites you.
You die...

#.### ..# #.# # #.#
#### #+.. ..#
##...#### #>... ###
#.....#.## #.....
.........## #.....#
...∩.....Z###....).#
.........l@.'.......
#...†)#..####.......
##...##.## #......
###. ### #..... #
#...# #+##


You could see an iguana and a centaur skeleton.

Vanquished Creatures
  Sigmund (D:2)
  Jessica (D:3)
  Robin (D:2)
  An adder (D:2)
  3 gnolls (D:4)
  2 worms (D:2)
  3 dart slugs
  2 orcs (D:3)
  5 bats
  4 endoplasms
  A giant cockroach (D:2)
  13 goblins
  9 hobgoblins
  3 kobolds (D:3)
  3 quokkas
  4 ball pythons
  6 frilled lizards
  8 rats
  A spectral goblin (D:3)
71 creatures vanquished.

Vanquished Creatures (others)
  5 toadstools (D:1)
5 creatures vanquished.

Grand Total: 76 creatures vanquished

Notes
Turn   | Place    | Note
-------+----------+-------------------------------------------
     0 | D:1      | Ayyar the Demonspawn Fighter began the quest for the Orb.
     0 | D:1      | Reached XP level 1. HP: 18/18 MP: 1/1
   557 | D:1      | Discovered your monstrous ancestry.
   557 | D:1      | Gained mutation: You have sharp fingernails. [demonic
                  | ancestry]
   557 | D:1      | Reached XP level 2. HP: 21/24 MP: 2/2
   598 | D:1      | Found Nimif's Magic Scroll Boutique.
  1019 | D:2      | Gained mutation: Your demonic aura sometimes causes spilled
                  | blood to erupt in flames. [demonic ancestry]
  1019 | D:2      | Reached XP level 3. HP: 21/29 MP: 3/3
  1159 | D:2      | Noticed Robin
  1170 | D:2      | Killed Robin
  1350 | D:2      | Noticed Sigmund
  1360 | D:2      | Killed Sigmund
  1361 | D:2      | Reached skill level 4 in Fighting
  1361 | D:2      | Gained mutation: You sometimes gain a little power by
                  | taking damage. [demonic ancestry]
  1361 | D:2      | Reached XP level 4. HP: 22/37 MP: 4/4
  1361 | D:2      | Gained mutation: You have a small tail. [demonic ancestry]
  1361 | D:2      | Reached XP level 5. HP: 25/42 MP: 5/5
  1882 | D:3      | Found a faded altar of an unknown god.
  1955 | D:3      | Noticed Jessica
  1962 | D:3      | Killed Jessica
  2079 | D:3      | Gained mutation: You sometimes gain power by taking damage.
                  | [demonic ancestry]
  2079 | D:3      | Reached XP level 6. HP: 48/48 MP: 6/6
  2746 | D:3      | Found a sacrificial altar of Ru.
  3070 | D:3      | Found a blossoming altar of Fedhas.
  3213 | D:4      | Found Jarchuunt's Weapon Emporium.
  3239 | D:4      | HP: 1/48 [iguana (9)]
  3240 | D:4      | Slain by an iguana

Illustrated notes

Levels and vault maps discovered:
D:1:      ldierk_walled_garden, layout_loops_ring, serial_shops, shop,
          glass_columns_a
D:2:      layout_basic, uniq_robin, uniq_sigmund
D:3:      layout_basic, nicolae_ru_great_annihilating_truth,
          lemuel_coloured_pillars_altar,
          dreamdust_ecumenical_altar_drowned_temple, nrook_campfire,
          serial_bayou_pond_b, amcnicky_mini_rare_corridor_liquid, uniq_jessica
D:4:      layout_loops_corners, minmay_temple_entry_stoned_glass, serial_shops,
          nicolae_take_the_stairs, nicolae_shop_bloodbath_and_beyond, shop,
          nicolae_square_shop, portal_sewer_entry_a, uniq_menkaure

Skill      XL: |  1  2  3 |
---------------+----------+-----
Axes           | 2 3 |  3.3
Armour         | 3 |  3.9
Shields        | 3 |  3.9
Fighting       | 4 |  4.3

Action                   |  1- 3 |  4- 6 || total
-------------------------+-------+-------++-------
Melee: War axe           |    62 |    85 ||   147
       Tailslap          |       |    13 ||    13
Throw: Dart              |       |     3 ||     3
  Use: Potion            |     1 |     1 ||     2
       Scroll            |       |     2 ||     2
 Stab: Paralysed         |       |     1 ||     1
Armor: Scale mail        |    40 |    58 ||    98
Dodge: Dodged            |    48 |    42 ||    90
Block: Buckler           |    17 |    16 ||    33
